AoeStats
← BenJames

Nomad

506552989Analyzed
3v3 RM · 18d ago on Sep 14, 2026· 27m 56s· 6 players
Game mode
Random Map
Map size
210×210
Population
200
Speed
Normal
Resources
Standard
Victory
Conquest
Starting age
Dark Age
Ending age
Imperial Age
RankedLock teamsTeams togetherTeam positionsShared explorationLock speedFull tech treeHidden civsTurbo modeCheats
Victory
Defeat
🇺🇸 Khmer · United States
1282
+18
🇵🇪 Malay · Peru
1258
+19
🇨🇴 Teutons · Colombia
1139
+23
🇺🇸 Bulgarians · United States
1317
-20
🇺🇸 Koreans · United States
1316
-20
🇺🇸 Spanish · United States
1304
-20
BenJames
3:48 Loom
16:56 Feudal Age
18:21 Gold Mining
18:18 Double-Bit Axe
25:06 Castle Age
23:15 Padded Archer Armor
23:41 Fletching
25:17 Crossbowman
26:13 Bodkin Arrow
28:14 Wheelbarrow
Spider2YBanana
6:45 Loom
13:00 Feudal Age
14:16 Fishing Lines
18:30 Castle Age
17:35 Bloodlines
17:18 Double-Bit Axe
17:49 Horse Collar
19:56 Bow Saw
21:43 Scale Barding Armor
22:11 Heavy Plow
22:46 Chain Barding Armor
24:47 Husbandry
Havoc_
5:54 Loom
14:57 Feudal Age
16:00 Fletching
17:51 Double-Bit Axe
20:01 Horse Collar
26:22 Castle Age
25:55 Wheelbarrow
peaceman
5:27 Loom
13:10 Feudal Age
19:34 Castle Age
17:54 Stone Mining
18:41 Fishing Lines
24:55 Double-Bit Axe
25:03 Gold Mining
26:35 Gillnets
XxFrogxX
4:28 Loom
13:09 Feudal Age
18:26 Castle Age
16:28 Double-Bit Axe
17:52 Scale Mail Armor
20:06 Squires
20:28 Town Watch
24:28 Horse Collar
24:59 Bow Saw
KnightofAvalon77
9:54 Loom
14:03 Feudal Age
16:27 Fletching
22:37 Castle Age
21:16 Double-Bit Axe
Connection lost

Rejoining the realm…

Still unreachable

The connection could not be restored.

Session expired

The server has moved on; the page needs a fresh start.